 Dungeon Crawl Stone Soup version 0.21-a0-223-g812f45e (webtiles) character file.

7442 Deeps the Fighter (level 11, -9/78 HPs)
             Began as a Gargoyle Fighter on Aug 28, 2017.
             Was an Elder of Okawaru.
             Killed from afar by Fannar (22 damage)
             ... with a bolt of cold
             ... on level 10 of the Dungeon.
             The game lasted 00:14:25 (7197 turns).

Deeps the Fighter (Gargoyle Fighter)                Turns: 7197, Time: 00:14:26

Health: -9/78      AC: 16    Str: 26    XL:     11   Next: 15%
Magic:  11/11      EV: 13    Int:  9    God:    Okawaru [****..]
Gold:   471        SH:  9    Dex:  9    Spells: 10/10 levels left

rFire    . . .     SeeInvis +   a - +0 war axe
rCold    . . .     Gourm    .   c - +0 shield
rNeg     + . .     Faith    .   b - +0 scale mail
rPois    ∞         Spirit   .   d - +1 hat {SInv}
rElec    +         Reflect  .   (no cloak)
rCorr    .         Harm     .   (no gloves)
MR       .....                  I - +0 pair of boots
Stlth    ..........             (no amulet)
HPRegen  0.23/turn              i - +6 ring of evasion
MPRegen  0.12/turn              t - +3 ring of strength

@: no status effects
A: negative energy resistance 1, electricity resistance, unbreathing,
petrification resistance, rot immunity, AC +7
a: Heroism, Renounce Religion


You were on level 10 of the Dungeon.
You worshipped Okawaru.
Okawaru was greatly pleased with you.
You were not hungry.

You visited 2 branches of the dungeon, and saw 11 of its levels.

You collected 471 gold pieces.

Inventory:

Hand Weapons
 a - a +0 war axe (weapon)
 B - a +6 mace
Armour
 b - a +0 scale mail (worn)
 c - a +0 shield (worn)
 d - a +1 hat of see invisible (worn)
 u - a +0 helmet
 z - a +0 chain mail
 I - a +0 pair of boots (worn)
Jewellery
 i - a +6 ring of evasion (left hand)
 t - a +3 ring of strength (right hand)
 F - a +2 ring of intelligence
 G - an uncursed ring of protection from magic
 L - the ring "Acwomal" {rF+ MR+ Str-5 SInv}
   (You found it on level 7 of the Dungeon)

   [ring of protection from magic]

   It affects your strength (-5).
   It protects you from fire.
   It affects your resistance to hostile enchantments.
   It lets you see invisible.
Wands
 h - a wand of polymorph (15/24)
 v - a wand of digging (9/24)
 J - a wand of polymorph (19/24)
 K - a wand of scattershot (4/9)
Scrolls
 e - 4 scrolls of teleportation
 j - 10 scrolls of remove curse
 k - 4 scrolls of enchant armour
 m - 5 scrolls of identify
 q - 2 scrolls of recharging
 s - 2 scrolls of random uselessness
 x - 3 scrolls of amnesia
 y - 4 scrolls of magic mapping
 A - a scroll of acquirement {unknown}
Potions
 g - a potion of curing
 o - a potion of might
 p - a potion of agility
 r - a potion of ambrosia {unknown}
 E - a potion of haste
 H - a potion of brilliance
Books
 C - a book of Maledictions

   Spells                             Type                      Level
   a - Corona                         Hexes                        1
   b - Ensorcelled Hibernation        Hexes/Ice                    2
   c - Confuse                        Hexes                        3
   d - Tukima's Dance                 Hexes                        3
   e - Dazzling Spray                 Conjuration/Hexes            3
 D - a book of Changes

   Spells                             Type                      Level
   a - Beastly Appendage              Transmutation                1
   b - Sticks to Snakes               Transmutation                2
   c - Spider Form                    Transmutation/Poison         3
   d - Ice Form                       Ice/Transmutation            4
   e - Blade Hands                    Transmutation                5
Comestibles
 f - 7 bread rations
 l - 8 royal jellies
 n - 4 meat rations
 w - 3 fruits


   Skills:
 + Level 13.0 Fighting
 + Level 11.0 Axes
 - Level 3.2 Armour
 - Level 3.2 Shields


You had 10 spell levels left.
You didn't know any spells.

Dungeon Overview and Level Annotations

Branches:
Dungeon (10/15)            Temple (1/1) D:7
   Lair: D:8-11         Orc: D:9-12

Altars:
Ashenzari
Cheibriados
Dithmenos
Elyvilon
Fedhas
Gozag
Hepliaklqana
Kikubaaqudgha
Makhleb
Nemelex Xobeh
Okawaru
Qazlal
Ru
Sif Muna
Trog
Xom
Yredelemnul
The Shining One

Shops:
D:9 *(

Annotations:
D:10 Fannar


Innate Abilities, Weirdness & Mutations

You are resistant to torment.
Your stone body is resilient. (AC +7)
You are immune to poison.
You resist negative energy. (rN+)
You are resistant to electric shocks. (rElec)
You can survive without breathing.
You are immune to petrification.
You are immune to rotting.


Message History

The ice beast hits you but does no damage.
Fannar says, "Does this not give you the chills?"
Fannar mumbles some strange words.
Fannar blinks!
You feel better. The ice beast barely misses you. x2
You feel better. The ice beast hits you.
* * * LOW HITPOINT WARNING * * *
The ice beast freezes you!
* * * LOW HITPOINT WARNING * * *
The ice beast barely misses you.
You hit the ice beast but do no damage. You hit the ice beast.
You kill the ice beast!
You block the ice beast's attack. You block Fannar's attack.
You closely miss Fannar.
Fannar is almost dead.
You hit the ice beast. You block the ice beast's attack.
Fannar points at you and mumbles some strange words.
The bolt of cold hits you!
You die...

#...........##.........
#...........##.........
##...........##...<.....
.............##.........
..?..........##...###..
.............# ...#
#.........†..#
#........##..#
#.....e@.##..#
#......Y.##..#
#........##...
#........##....
#..###...##..##. #.
#...##..# .. # #...#
#...# #...#


You could see Fannar and an ice beast.

Vanquished Creatures
  Gastronok (D:8)
  A two-headed ogre (D:9)
  The ghost of Jeffwins the Carver, a novice OpFi of Dithmenos (D:8)
  A hippogriff (D:8)
  6 yaks
  3 hogs (D:7)
  A human (D:7)
  A hungry ghost (D:9)
  A water moccasin (D:7)
  An ice beast (D:10)
  5 ogres
  A phantom (D:7)
  A necrophage (D:10)
  An eye of draining (D:9)
  3 centaurs
  A big kobold (D:9)
  3 bullfrogs
  A wyvern zombie (D:8)
  4 killer bees (D:10)
  4 scorpions
  4 wights (D:8)
  4 howler monkeys
  3 crimson imps
  2 jellies
  A gnoll shaman (D:8)
  An orc priest (D:8)
  A bullfrog skeleton (D:9)
  3 hounds
  Ijyb (D:4)
  Natasha (thrice) (D:4)
  6 orc wizards
  6 worker ants
  6 gnolls
  5 adders
  A howler monkey skeleton (D:5)
  A shadow imp (D:8)
  An ooze (D:2)
  2 adder zombies (D:6)
  A worm (D:4)
  A dart slug (D:2)
  4 leopard geckos
  17 orcs
  2 ball pythons (D:4)
  4 giant cockroaches
  3 goblins (D:3)
  5 hobgoblins
  4 jackals (D:1)
  2 quokkas
  12 bats
  4 frilled lizards
  13 kobolds
  A leopard gecko zombie (D:6)
  A quokka skeleton (D:4)
  4 rats
170 creatures vanquished.

Notes
Turn   | Place    | Note
-------+----------+-------------------------------------------
     0 | D:1      | Deeps the Gargoyle Fighter began the quest for the Orb.
     0 | D:1      | Reached XP level 1. HP: 14/14 MP: 1/1
    72 | D:1      | Reached XP level 2. HP: 16/19 MP: 2/2
   645 | D:2      | Reached XP level 3. HP: 23/24 MP: 3/3
   665 | D:2      | Reached skill level 4 in Fighting
  1083 | D:3      | Reached XP level 4. HP: 30/30 MP: 4/4
  1221 | D:3      | Found a sparkling altar of Nemelex Xobeh.
  2118 | D:4      | Noticed Ijyb
  2167 | D:4      | Killed Ijyb
  2167 | D:4      | Reached XP level 5. HP: 20/34 MP: 5/5
  2298 | D:4      | Noticed Natasha
  2319 | D:4      | Killed Natasha
  2565 | D:4      | Reached skill level 5 in Fighting
  2583 | D:4      | Noticed Natasha
  2590 | D:4      | Killed Natasha
  2605 | D:4      | Reached XP level 6. HP: 40/40 MP: 6/6
  2694 | D:4      | Noticed Natasha
  2708 | D:4      | Killed Natasha
  2708 | D:4      | Reached skill level 6 in Fighting
  2983 | D:4      | Reached XP level 7. HP: 45/46 MP: 7/7
  3179 | D:5      | Entered Level 5 of the Dungeon
  3194 | D:5      | Reached skill level 5 in Axes
  3459 | D:5      | Reached skill level 7 in Fighting
  3952 | D:6      | Reached XP level 8. HP: 53/53 MP: 8/8
  4003 | D:6      | Found a shattered altar of Ashenzari.
  4196 | D:6      | Reached skill level 8 in Fighting
  4376 | D:7      | Found a glowing golden altar of the Shining One.
  4656 | D:7      | Found a sacrificial altar of Ru.
  4805 | D:7      | Found a staircase to the Ecumenical Temple.
  4821 | Temple   | Entered the Ecumenical Temple
  4827 | Temple   | Became a worshipper of Warmaster Okawaru
  4856 | D:7      | Reached skill level 9 in Fighting
  4856 | D:7      | Reached XP level 9. HP: 58/60 MP: 9/9
  4920 | D:7      | Reached * piety under Okawaru
  4955 | D:7      | Got a bound silver ring
  4960 | D:7      | Identified the ring "Acwomal" {rF+ MR+ Str-5 SInv} (You found it on level 7 of the Dungeon)
  5136 | D:8      | Noticed Jeffwins's ghost (novice OpFi)
  5139 | D:8      | Reached skill level 10 in Fighting
  5157 | D:8      | Killed Jeffwins's ghost
  5157 | D:8      | Reached ** piety under Okawaru
  5158 | D:8      | Noticed Gastronok
  5529 | D:8      | Killed Gastronok
  5529 | D:8      | Reached skill level 11 in Fighting
  5529 | D:8      | Reached XP level 10. HP: 38/71 MP: 6/10
  5586 | D:8      | Reached skill level 10 in Axes
  6119 | D:8      | Reached *** piety under Okawaru
  6119 | D:8      | Reached skill level 12 in Fighting
  6235 | D:9      | Found Wifobof's Weapon Shoppe.
  6315 | D:9      | Found Diudek's General Store.
  6318 | D:9      | Noticed a two-headed ogre
  6330 | D:9      | Killed a two-headed ogre
  6380 | D:9      | Found a hazy altar of Hepliaklqana.
  6395 | D:9      | Reached XP level 11. HP: 46/76 MP: 11/11
  6410 | D:9      | Reached **** piety under Okawaru
  6892 | D:9      | Found an opulent altar of Gozag.
  6892 | D:9      | Found a blossoming altar of Fedhas.
  7034 | D:10     | Entered Level 10 of the Dungeon
  7128 | D:10     | Reached skill level 13 in Fighting
  7156 | D:10     | Noticed Fannar
  7188 | D:10     | HP: 1/78 [Fannar/Ozocubu's Refrigeration (19)]
  7197 | D:10     | Killed from afar by Fannar

Vault maps used:
D:1:      lemuel_arrival_room
D:2:      serial_curves, eino_curves_02, eino_curves_04, eino_curves_04,
          minmay_misc_feat_more_columns
D:3:      nemelex_altar_shiori
D:4:      uniq_natasha, uniq_ijyb
D:5:      first_bread, kennysheep_small_circle
D:6:      ashenzari_altar_1
D:7:      tso_metal_star, nicolae_ru_sacrificial_ziggurat,
          minmay_temple_entry_butterflies, grunt_livestock,
          minmay_misc_feat_diagonals
D:8:      uniq_gastronok
D:9:      nicolae_overflow_hidden_temple, serial_shops, shop_statue,
          nicolae_shop_trees, basic_altar
D:10:     basic_altar, minmay_misc_feat_secret_circle, uniq_fannar
Temple:   nicolae_temple_x_marks_the_god

Skill      XL: |  1  2  3  4  5  6  7  8  9 10 11 |
---------------+----------------------------------+-----
Axes           | 2 3 4 6 7 9 10 11 | 11.0
Fighting       | 4 5 6 7 9 11 12 13 | 13.0
Armour         | |  3.2
Shields        | |  3.2

Action                   |  1- 3 |  4- 6 |  7- 9 | 10-12 || total
-------------------------+-------+-------+-------+-------++-------
Melee: War axe           |   142 |   155 |   304 |   214 ||   815
       Unarmed           |       |    38 |       |       ||    38
       Mace              |       |       |       |     5 ||     5
Invok: Heroism           |       |       |     3 |     2 ||     5
  Use: Potion            |       |     1 |     9 |     5 ||    15
       Scroll            |       |       |     2 |    10 ||    12
  Eat: Chunk             |       |     3 |     2 |     2 ||     7
       Royal jelly       |       |     1 |       |     1 ||     2
       Bread ration      |       |     1 |     1 |     1 ||     3
       Fruit             |       |       |       |     3 ||     3
Armor: Scale mail        |    62 |    55 |   100 |    58 ||   275
       Skin              |       |     3 |       |       ||     3
Dodge: Dodged            |    97 |    95 |   132 |   116 ||   440
Block: Shield            |    87 |    84 |   137 |    96 ||   404

Table legend:
 A = Spawn XP
 B = Non-spawn XP
 C = Spawn XP percentage of total XP
 D = Spawn monster count
 E = Non-spawn monster count
 F = Spawn count percentage of total count
 G = Total turns spent on level
                    A         B        C        D         E        F      G
               +---------+---------+-------+---------+---------+-------+---------
         Total |     429 |   10203 |   4.0 |      21 |     149 |  12.4 |  7197
               +---------+---------+-------+---------+---------+-------+---------
           D:1 |       4 |      16 |  20.0 |       3 |       9 |  25.0 |   458
           D:2 |       3 |      32 |   8.6 |       2 |      16 |  11.1 |   535
           D:3 |       3 |      76 |   3.8 |       2 |      24 |   7.7 |  1125
           D:4 |      44 |     445 |   9.0 |       2 |      13 |  13.3 |  1061
           D:5 |       0 |     567 |   0.0 |       0 |      15 |   0.0 |   749
           D:6 |     121 |     459 |  20.9 |       1 |      17 |   5.6 |   364
           D:7 |      42 |    1516 |   2.7 |       1 |      12 |   7.7 |  1111
           D:8 |     212 |    4025 |   5.0 |      10 |      15 |  40.0 |   819
           D:9 |       0 |    2526 |   0.0 |       0 |      21 |   0.0 |   799
          D:10 |       0 |     541 |   0.0 |       0 |       7 |   0.0 |   163
               +---------+---------+-------+---------+---------+-------+---------
